 Dungeon Crawl Stone Soup version 0.19-a0-1193-g2641e52 (webtiles) character file.

2613 Duffy the Destroyer (level 9, -2/52 HPs)
             Began as a Gargoyle Air Elementalist on Aug 19, 2016.
             Was a Priest of Vehumet.
             Slain by a slave (6 damage)
             ... led by Pikel
             ... on level 9 of the Dungeon.
             The game lasted 00:14:22 (9831 turns).

Duffy the Destroyer (Gargoyle Air Elementalist)     Turns: 9831, Time: 00:14:23

Health: -2/52      AC: 12    Str: 10    XL:     9   Next: 60%
Magic:  14/14      EV: 12    Int: 19    God:    Vehumet [***...]
Gold:   364        SH:  0    Dex: 10    Spells: 5 memorised, 2 levels left

rFire  . . .     SeeInvis .     t - +5 quarterstaff (chaos)
rCold  . . .     Gourm    .     a - +0 robe
rNeg   + . .     Faith    .     (shield currently unavailable)
rPois  ∞         Spirit   .     m - +2 hat
rElec  +         Dismiss  .     s - +0 cloak
rCorr  .         Reflect  .     w - +0 pair of gloves
MR     +....     Harm     .     B - +0 pair of boots
Stlth  ++........ Clarity  +    (no amulet)
                                P - ring of protection from magic
                                l - ring of flight

@: repel missiles
A: horns 1, berserk 1, clarity, mutation resistance 1, negative energy
resistance 1, electricity resistance, weak 1, unbreathing, petrification
resistance, rot immunity, AC +5
a: Renounce Religion, Evoke Flight


You were on level 9 of the Dungeon.
You worshipped Vehumet.
Vehumet was most pleased with you.
You were not hungry.

You visited 2 branches of the dungeon, and saw 10 of its levels.

You collected 419 gold pieces.
You spent 55 gold pieces at shops.

Inventory:

Hand Weapons
 t - a +5 quarterstaff of chaos (weapon)
 L - a +0 blowgun
Missiles
 M - 8 curare-tipped needles
Armour
 a - a +0 robe (worn)
 m - a +2 hat (worn)
 s - a +0 cloak (worn)
 w - a +0 pair of gloves (worn)
 B - a +0 pair of boots (worn)
 C - a +0 buckler
 K - a +1 ring mail of fire resistance
Jewellery
 l - a ring of flight (left hand)
 z - an uncursed ring of fire
 I - an uncursed ring of stealth
 P - a ring of protection from magic (right hand)
Wands
 h - a wand of lightning (8/15)
 j - a wand of polymorph (13/24)
 r - a wand of random effects (22/48)
 H - a wand of iceblast (4/15)
Scrolls
 e - a scroll of enchant armour {unknown}
 f - 2 scrolls of fog
 n - a scroll of fear
 o - a scroll of magic mapping {unknown}
 u - 5 scrolls of teleportation
 x - a scroll of recharging {unknown}
 y - a scroll of remove curse
 D - a scroll of noise {unknown}
 N - a scroll of silence {unknown}
Potions
 d - a potion of haste {unknown}
 g - 3 potions of degeneration {unknown}
 i - a potion of brilliance {unknown}
 k - 3 potions of lignification
 p - 2 potions of heal wounds
 v - 2 potions of curing {unknown}
 F - a potion of agility {unknown}
 J - a potion of resistance
 Q - a potion of might
Books
 b - a book of Air

   Spells                             Type                      Level
   a - Shock                          Conjuration/Air              1
   b - Swiftness                      Charms/Air                   2
   c - Repel Missiles                 Charms/Air                   2
   d - Static Discharge               Conjuration/Air              3
   e - Lightning Bolt                 Conjuration/Air              5
Comestibles
 c - 7 bread rations
 q - 5 meat rations
 E - a slice of pizza
 S - 3 fruits


   Skills:
 - Level 4.0 Fighting
 - Level 1.5 Dodging
 - Level 2.1 Stealth
 - Level 3.5 Spellcasting
 + Level 8.6 Conjurations
 + Level 7.7 Air Magic


You had 2 spell levels left.
You knew the following spells:

 Your Spells              Type           Power        Failure   Level  Hunger
a - Shock                 Conj/Air       ####         1%          1    None
j - Static Discharge      Conj/Air       ####....     1%          3    ###....
l - Lightning Bolt        Conj/Air       ####......   4%          5    ######.
m - Repel Missiles        Chrm/Air       ###...       6%          2    ##.....
W - Swiftness             Chrm/Air       ###.....     6%          2    ##.....


Dungeon Overview and Level Annotations

Branches:
Dungeon (9/15)             Temple (1/1) D:4
   Lair: D:8-11         Orc: D:9-12

Altars:
Cheibriados
Dithmenos
Elyvilon
Fedhas
Hepliaklqana
Kikubaaqudgha
Makhleb
Nemelex Xobeh
Okawaru
Qazlal
Trog
Vehumet
Yredelemnul
Zin
The Shining One

Shops:
D:7 !


Innate Abilities, Weirdness & Mutations

You are resistant to torment.
Your stone body is resilient. (AC +5)
You are immune to poison.
You resist negative energy. (rN+)
You are resistant to electric shocks. (rElec)
You can survive without breathing.
You are immune to petrification.
You are immune to rotting.
You have a pair of small horns on your head.
You tend to lose your temper in combat.
You possess an exceptional clarity of mind.
You are somewhat resistant to further mutation.
You are weak. (Str -2)


Message History

The slave barely misses you.
You sock the centaur zombie!
The centaur zombie is moderately damaged.
The centaur zombie barely misses you. The iguana bites you!
The slave hits you but does no damage.
The centaur zombie hits you but does no damage.
You thump the centaur zombie!
The centaur zombie is severely damaged.
The iguana misses you. The centaur zombie barely misses you.
The slave hits you but does no damage.
The iguana bites you but does no damage.
You sock the centaur zombie!
You destroy the centaur zombie!
Vehumet accepts your kill.
Vehumet offers you knowledge of Airstrike.
The slave hits you. The iguana barely misses you.
You hit the slave.
The slave is poisoned.
The slave is moderately wounded.
The slave hits you.
You die...

##..........##
#............##
.......$......##
...............##
................##
............$....#
....$...........<#
..............)l#
.............%@#
.............p#
............##
..........##
........## ..[...#
....# ..#


You could see a slave and an iguana.

Vanquished Creatures
  A hippogriff (D:7)
  A sky beast (D:6)
  A black bear (D:8)
  2 ice beasts (D:9)
  2 ogres
  A phantom (D:6)
  A centaur (D:6)
  A big kobold (D:6)
  3 giant frogs
  3 scorpions
  3 howler monkeys
  3 crimson imps
  A centaur zombie (D:9)
  5 hounds
  A gnoll shaman (D:4)
  A jelly (D:6)
  3 orc priests
  6 orc wizards
  Crazy Yiuf (D:2)
  A centaur skeleton (D:6)
  A giant frog skeleton (D:5)
  6 iguanas
  2 worker ants
  3 hound skeletons
  8 gnolls
  A howler monkey skeleton (D:7)
  14 adders
  A shadow imp (D:5)
  2 oozes
  2 adder zombies
  2 worms
  4 dart slugs
  4 giant geckos
  18 orcs
  8 giant cockroaches
  8 goblins
  4 hobgoblins
  A jackal (D:3)
  4 quokkas
  2 ball pythons (D:2)
  A ball python skeleton (D:5)
  9 bats
  2 giant gecko skeletons
  4 giant newts
  12 kobolds
  7 rats
171 creatures vanquished.

Notes
Turn   | Place    | Note
-------+----------+-------------------------------------------
     0 | D:1      | Duffy the Gargoyle Air Elementalist began the quest for the Orb.
     0 | D:1      | Reached XP level 1. HP: 10/10 MP: 3/3
   258 | D:1      | Reached skill level 2 in Conjurations
   301 | D:1      | Reached XP level 2. HP: 15/15 MP: 0/5
   545 | D:1      | Learned a level 2 spell: Repel Missiles
   548 | D:1      | Learned a level 2 spell: Swiftness
   701 | D:2      | Reached skill level 3 in Conjurations
   773 | D:3      | Reached XP level 3. HP: 19/19 MP: 3/6
  1086 | D:3      | Reached skill level 4 in Conjurations
  1151 | D:3      | Reached XP level 4. HP: 10/24 MP: 0/7
  1405 | D:5      | Entered Level 5 of the Dungeon
  1615 | D:4      | Reached skill level 5 in Conjurations
  1638 | D:4      | Reached XP level 5. HP: 9/28 MP: 1/8
  2086 | D:4      | Found a staircase to the Ecumenical Temple.
  2096 | Temple   | Entered the Ecumenical Temple
  2442 | Temple   | Became a worshipper of Vehumet
  2741 | D:1      | Learned a level 3 spell: Static Discharge
  3290 | D:1      | Reached XP level 6. HP: 28/32 MP: 9/9
  3376 | D:2      | Found a faded altar of an unknown god.
  3593 | D:2      | Found a runed door.
  3597 | D:2      | Noticed Crazy Yiuf
  3621 | D:2      | Killed Crazy Yiuf
  3832 | D:2      | Reached * piety under Vehumet
  3832 | D:2      | Offered knowledge of Freeze by Vehumet.
  4651 | D:3      | Found a burning altar of Makhleb.
  4915 | D:4      | Reached skill level 1 in Fighting
  5184 | D:4      | Reached XP level 7. HP: 20/40 MP: 3/10
  6212 | D:5      | Found a hazy altar of Hepliaklqana.
  6331 | D:5      | Found a sparkling altar of Nemelex Xobeh.
  6574 | D:5      | Found a sparkling altar of Nemelex Xobeh.
  6581 | D:5      | Reached ** piety under Vehumet
  6581 | D:5      | Offered knowledge of Throw Frost by Vehumet.
  6702 | D:5      | Found a white marble altar of Elyvilon.
  6859 | D:6      | Reached skill level 5 in Air Magic
  6990 | D:6      | Reached XP level 8. HP: 38/48 MP: 11/11
  7658 | D:6      | Found an ancient bone altar of Kikubaaqudgha.
  7765 | D:6      | Reached skill level 6 in Conjurations
  8231 | D:7      | Offered knowledge of Stone Arrow by Vehumet.
  8244 | D:6      | Learned a level 5 spell: Lightning Bolt
  8544 | D:7      | Reached skill level 7 in Conjurations
  8544 | D:7      | Reached XP level 9. HP: 52/52 MP: 14/14
  8606 | D:7      | Found Koakoyhe's Distillery.
  8628 | D:6      | Reached *** piety under Vehumet
  9036 | D:6      | Gained mutation: You possess an exceptional clarity of mind. [mutagenic meat]
  9039 | D:6      | Gained mutation: You have a pair of small horns on your head. [mutagenic meat]
  9042 | D:6      | Gained mutation: You tend to lose your temper in combat. [mutagenic meat]
  9045 | D:6      | Gained mutation: You are weak. (Str -2) [mutagenic meat]
  9049 | D:6      | Gained mutation: You are somewhat resistant to further mutation. [mutagenic meat]
  9124 | D:7      | Bought a potion of heal wounds for 55 gold pieces
  9336 | D:9      | Noticed an ice dragon
  9365 | D:9      | Reached skill level 8 in Conjurations
  9830 | D:9      | Offered knowledge of Airstrike by Vehumet.
  9831 | D:9      | Slain by a slave

Vault maps used:
D:1:      onia_arrival_larder
D:2:      ecumenical_altar_1, uniq_crazy_yiuf_cottage
D:3:      makhleb_heckhound_becter
D:4:      first_bread
D:5:      lemuel_coloured_pillars_altar, basic_altar, corner_web_ring,
          hangedman_feature_mirror, minmay_misc_feat_ornament
D:6:      hangedman_cross_stitches, lemuel_round_altar
D:7:      minitemple, serial_shops, shop
D:8:      tgw_sif, overflow_temple_1_default, special_room, grunt_ogre_cave,
          uniq_joseph, uniq_psyche
D:9:      minmay_guarded_unrand_chilly_death, uniq_pikel
Temple:   minmay_temple_forest_path

Skill      XL: |  1  2  3  4  5  6  7  8  9 |
---------------+----------------------------+-----
Conjurations   | 2 3 4 5 7 8 |  8.6
Air Magic      | 3 5 6 7 |  7.7
Fighting       | 2 4 |  4.0
Spellcasting   | 3 |  3.5
Dodging        | |  1.5
Stealth        | |  2.1

Action                   |  1- 3 |  4- 6 |  7- 9 || total
-------------------------+-------+-------+-------++-------
Melee: Short sword       |    18 |    56 |       ||    74
       Quarterstaff      |       |    48 |   300 ||   348
       Headbutt          |       |       |     8 ||     8
 Cast: Shock             |    64 |    77 |    29 ||   170
       Repel Missiles    |     1 |     1 |       ||     2
  Use: Scroll            |       |       |    10 ||    10
 Stab: Sleeping          |       |     4 |     5 ||     9
       Paralysed         |       |       |     5 ||     5
       Petrifying        |       |       |     1 ||     1
       Petrified         |       |       |     3 ||     3
  Eat: Chunk             |     2 |    13 |    19 ||    34
       Pizza             |       |       |     1 ||     1
       Beef jerky        |       |       |     1 ||     1
Armor: Robe              |    21 |    57 |   209 ||   287
Dodge: Dodged            |    35 |    91 |   313 ||   439
       Deflected         |     1 |       |     2 ||     3
